 Dungeon Crawl Stone Soup version 0.28.0 (webtiles) character file.

Game seed: 13515001053379043069

11 tizbic2 the Charlatan (level 2, -1/14 HPs)
             Began as a Vine Stalker Artificer on Feb 6, 2022.
             Slain by a kobold (2 damage)
             ... on level 1 of the Dungeon.
             The game lasted 00:03:11 (735 turns).

tizbic2 the Charlatan (Vine Stalker Artificer)       Turns: 735, Time: 00:03:11

Health: -1/14      AC:  4    Str: 14    XL:     2   Next: 25%
Magic:  0/3        EV: 11    Int: 11    God:
Gold:   58         SH:  0    Dex: 14    Spells: 1/1 levels left

rFire   . . .      SeeInvis .   g - +0 dagger
rCold   . . .      Faith    .   (no shield)
rNeg    . . .      Spirit   +   b - +0 leather armour
rPois   .          Reflect  .   (no helmet)
rElec   .          Harm     .   (no cloak)
rCorr   .          Rampage  .   i - +0 pair of gloves
Will    .....                   (no boots)
Stlth   +.........              (no amulet)
HPRegen 0.04/turn               (no ring)
MPRegen 0.08/turn               (no ring)

@: no status effects
A: fangs 2, magic shield, antimagic bite, no potion heal 2
a: no special abilities


You were on level 1 of the Dungeon.
You visited 1 branch of the dungeon, and saw 1 of its levels.

You collected 58 gold pieces.

Inventory:

Hand Weapons
 a - a +0 trident
 g - a +0 dagger (weapon)
Missiles
 f - 31 stones
 j - 19 bolts
Armour
 b - a +0 leather armour (worn)
 i - a +0 pair of gloves (worn)
Wands
 c - a wand of flame (15) (quivered)
 d - a wand of charming (15)
Potions
 h - a potion of curing {unknown}
Miscellaneous
 e - a piece from Xom's chessboard (15/15)


   Skills:
 - Level 0.8 Fighting
 * Level 1.2 Staves
 - Level 1.5 Armour
 - Level 0.7 Dodging
 - Level 1.2 Stealth
 + Level 2.9 Evocations


You had one spell level left.
You didn't know any spells.
Your spell library was empty.

Dungeon Overview and Level Annotations

Branches:
Dungeon (1/15)

Altars:


Innate Abilities, Weirdness & Mutations

You have extremely sharp teeth.
When hurt, damage is shared between your health and your magic reserves.
Your bite disrupts and absorbs the magic of your enemies.
Potions cannot restore your health.


Message History

* * * LOW HITPOINT WARNING * * *
The jackal misses you. The jackal closely misses you.
The jackal barely misses you. The jackal closely misses you.
The jackal barely misses you.
The jackal bites you but does no damage.
You closely miss the jackal. Your bite misses the jackal.
The jackal barely misses you.
The jackal bites you but does no damage.
You hit the jackal.
The jackal is lightly wounded.
The jackal barely misses you.
You closely miss the jackal. You bite the jackal. You drain its power.
The jackal is lightly wounded.
The jackal bites you.
* * * LOW HITPOINT WARNING * * *
You barely miss the jackal.
The jackal is lightly wounded.
The jackal barely misses you. x2
The jackal closely misses you. The jackal bites you.
* * * LOW HITPOINT WARNING * * *
The jackal closely misses you.
You hit the jackal. You bite the jackal. You drain its power.
You feel invigorated.
The jackal is almost dead.
The jackal bites you but does no damage.
You barely miss the jackal.
The jackal is almost dead.
The jackal bites you.
* * * LOW HITPOINT WARNING * * *
The jackal barely misses you.
You hit the jackal but do no damage. You bite the jackal.
You kill the jackal!
You closely miss the jackal. The jackal barely misses you.
The kobold closely misses you.
You hit the jackal but do no damage. You bite the jackal, but do no damage.
The jackal barely misses you. The kobold hits you with a +0 club.
You die...

#K# #..# #.# #.## #.#
#.# #.# #.# ##.##
######.# ##...##
#...##.#
##.#.#.###...##.# ####
##.##K##.........###...
#.###.@h...............
##.#####...............
##.###.###...#########
##.#.## #...# ##.##
##### ###


You could see a jackal and a kobold.

Vanquished Creatures
  A giant cockroach (D:1)
  2 jackals (D:1)
  4 kobolds (D:1)
  2 ball pythons (D:1)
  A frilled lizard (D:1)
10 creatures vanquished.

Notes
Turn   | Place    | Note
-------+----------+-------------------------------------------
     0 | D:1      | tizbic2 the Vine Stalker Artificer began the quest for the
                  | Orb.
     0 | D:1      | Reached XP level 1. HP: 9/9 MP: 2/2
   342 | D:1      | Reached skill level 1 in Staves
   364 | D:1      | Reached XP level 2. HP: 14/14 MP: 3/3
   735 | D:1      | Slain by a kobold

Illustrated notes

Levels and vault maps discovered:
D:1:      ncdulo_smallfort, layout_loops_ring, minmay_pentomino_o4

Skill      XL: |  1 |
---------------+----+-----
Staves         | 1 |  1.2
Fighting       | |  0.8
Armour         | |  1.5
Dodging        | |  0.7
Stealth        | |  1.2
Evocations     | |  2.9

Action                   || total
-------------------------++-------
Melee: Club              ||    21
       Bite              ||    14
       Dagger            ||    35
 Stab: Sleeping          ||     1
Armor: Leather armour    ||    28
Dodge: Dodged            ||    45
